 Dungeon Crawl Stone Soup version 0.24-a0-235-g3f03afcf10 (webtiles) character file.

Game seed: 11602645826356615614

60 Roikka the Sneak (level 3, -1/16 HPs)
             Began as a Spriggan Enchanter on Apr 7, 2019.
             Was an Initiate of Okawaru.
             Slain by a worm (17 damage)
             ... on level 2 of the Dungeon.
             The game lasted 00:04:17 (2048 turns).

Roikka the Sneak (Spriggan Enchanter)               Turns: 2048, Time: 00:04:17

Health: -1/16      AC:  2    Str:  5    XL:     3   Next: 80%
Magic:  8/8        EV: 18    Int: 16    God:    Okawaru [......]
Gold:   110        SH:  0    Dex: 16    Spells: 5/8 levels left

rFire    . . .     SeeInvis +   b - +1 short sword (freeze)
rCold    . . .     Gourm    .   (shield restricted)
rNeg     . . .     Faith    .   f - +0 robe (curse)
rPois    .         Spirit   .   (helmet restricted)
rElec    .         Reflect  .   (no cloak)
rCorr    .         Harm     .   (gloves unavailable)
MR       .....                  (boots unavailable)
Stlth    +++.......             (no amulet)
HPRegen  0.05/turn              (no ring)
MPRegen  0.11/turn              (no ring)

@: very quick
A: very small, unfitting armour, see invisible, herbivore, speed 3, slow
metabolism 2
a: Renounce Religion


You were on level 2 of the Dungeon.
You worshipped Okawaru.
Okawaru was noncommittal.
You were not hungry.

You visited 1 branch of the dungeon, and saw 2 of its levels.

You collected 110 gold pieces.

Inventory:

Hand Weapons
 a - a +1 dagger
 b - a +1 short sword of freezing (weapon)
Missiles
 l - a throwing net (quivered)
Armour
 f - a cursed +0 robe (worn)
Scrolls
 e - 6 scrolls of identify {unknown}
 h - a scroll of random uselessness {unknown}
 j - a scroll of teleportation {unknown}
 k - 2 scrolls of remove curse {unknown}
 n - a scroll of noise {unknown}
 o - a scroll of fog {unknown}
Potions
 c - a potion of ambrosia {unknown}
 g - a potion of curing {unknown}
 i - 2 potions of degeneration {unknown}
 m - a potion of brilliance {unknown}
Comestibles
 d - 3 rations


   Skills:
 * Level 2.5 Short Blades
 - Level 3.0 Dodging
 + Level 5.0 Stealth
 - Level 3.0 Spellcasting
 + Level 4.1 Hexes
 * Level 1.1 Ice Magic


You had 5 spell levels left.
You knew the following spells:

 Your Spells              Type           Power        Failure   Level  Hunger
a - Corona                Hex            ###....      3%          1    #......
b - Ensorcelled Hibernat  Hex/Ice        ##....       10%         2    ##.....

Your spell library contained the following spells:

 Spells                   Type           Power        Failure   Level  Hunger
 Confuse                  Hex            ###.....     11%         3    ###....
 Tukima's Dance           Hex            ###.....     11%         3    ###....
 Dazzling Spray           Conj/Hex       #.....       24%         3    ###....


Dungeon Overview and Level Annotations

Branches:
Dungeon (2/15)

Altars:
Ashenzari
Okawaru
Trog


Innate Abilities, Weirdness & Mutations

You are very small and have problems with some larger weapons.
You are too small for most types of armour.
You have supernaturally acute eyesight. (SInv)
You are a herbivore.
You cover ground extremely quickly.
You need to consume almost no food.


Message History

Okawaru accepts your kill.
No target in view!
No target in view!
You now have 110 gold pieces (gained 7).
You see here a +0 club.
The moth of wrath's fur bristles in rage as it notices you.
o - a scroll labeled KIET JYTIUDY 2 rats and 2 worms come into view.
Found a hand axe and a club.
Found a bloodstained altar of Trog.
A rat comes into view.
Found a spear.
Found a halberd.
You hit the rat but do no damage. The rat closely misses you.
You hit the rat. You freeze the rat.
You kill the rat!
Okawaru accepts your kill.
The moth of wrath goads the worm on!
The worm goes berserk!
The worm bites you!
Ouch! That really hurt!
You die...

.#.#....###)............#
##)##......########.#####
#...#..........####.####
#...##........##.......##
.....#.......##.........##
.....#.......#...........#
.#......#....#....###....#
.+......#.##.#...##y##...#
##...####.##.#..@†###....#
#...........##..w..w...##
####.###.##.##.).._r..)#
#.# #.##..##...r)..##
#####.# #.##...###)..###
......# #.###### ####
####### #.# #.# #.#


You could see a moth of wrath, 2 worms and 2 rats.

Vanquished Creatures
  An adder (D:2)
  2 oozes
  2 dart slugs (D:1)
  2 leopard geckos (D:1)
  A ball python (D:1)
  5 bats
  2 goblins (D:1)
  4 hobgoblins
  4 jackals (D:1)
  6 kobolds
  A quokka (D:2)
  A frilled lizard (D:1)
  4 rats
35 creatures vanquished.

Notes
Turn   | Place    | Note
-------+----------+-------------------------------------------
     0 | D:1      | Roikka the Spriggan Enchanter began the quest for the Orb.
     0 | D:1      | Reached XP level 1. HP: 9/9 MP: 5/5
   191 | D:1      | Reached XP level 2. HP: 10/13 MP: 6/6
   390 | D:1      | Learned a level 2 spell: Ensorcelled Hibernation
   611 | D:1      | Found an iron altar of Okawaru.
   616 | D:1      | Became a worshipper of Warmaster Okawaru
   802 | D:1      | Reached XP level 3. HP: 12/16 MP: 8/8
  1288 | D:2      | Reached skill level 5 in Stealth
  1350 | D:2      | Reached skill level 1 in Ice Magic
  1629 | D:2      | Found a shattered altar of Ashenzari.
  2029 | D:2      | Noticed a moth of wrath
  2041 | D:2      | Found a bloodstained altar of Trog.
  2048 | D:2      | Slain by a worm

Levels and vault maps discovered:
D:1:      saegor_arrival_miasma, layout_loops_ring, okawaru_ov_weapons_minmay
D:2:      layout_basic, nicolae_ashenzari_panopticon, tgw_trog

Skill      XL: |  1  2  3 |
---------------+----------+-----
Spellcasting   | 3 |  3.0
Short Blades   | 2 |  2.5
Hexes          | 4 |  4.1
Stealth        | 5 |  5.0
Ice Magic      | 1 |  1.1
Dodging        | |  3.0

Action                   || total
-------------------------++-------
Melee: Dagger            ||    71
       Short sword       ||    44
 Cast: Corona            ||     3
 Stab: Sleeping          ||     8
Armor: Robe              ||     6
Dodge: Dodged            ||    81

Table legend:
 A = Non-vault XP
 B = Vault XP
 C = Vault XP percentage of total XP
 D = Non-vault monster count
 E = Vault monster count
 F = Vault count percentage of total count
                 A         B        C        D         E       F
            +---------+---------+-------+---------+---------+-------
      Total |      85 |       1 |   1.2 |      34 |       1 |   2.9
            +---------+---------+-------+---------+---------+-------
        D:1 |      56 |       0 |   0.0 |      26 |       0 |   0.0
        D:2 |      29 |       1 |   3.3 |       8 |       1 |  11.1
            +---------+---------+-------+---------+---------+-------
